 Dungeon Crawl Stone Soup version 0.22.1-1-ga44c0e5 (webtiles) character file.

332035 sanboga the Executioner (level 21, -7/146 HPs)
             Began as a Gargoyle Berserker on Oct 23, 2018.
             Was the Champion of Trog.
             Killed by divine providence
             ... invoked by a sphinx
              (12 damage)
             ... on level 4 of the Vaults.
             The game lasted 01:11:54 (39275 turns).

sanboga the Executioner (Gargoyle Berserker)       Turns: 39275, Time: 01:11:55

Health: -7/146     AC: 71    Str: 26    XL:     21   Next: 78%
Magic:  0/7        EV:  7    Int: 11    God:    Trog [******]
Gold:   3701       SH:  0    Dex: 10    Spells: 20/20 levels left

rFire    + + .     SeeInvis +   u - +6 executioner's axe (antimagic)
rCold    + + .     Gourm    .   (shield currently unavailable)
rNeg     + + .     Faith    .   t - +12 crystal plate armour "Fuykkut" {rElec Str+2 Dex-2}
rPois    ∞         Spirit   +   o - +2 helmet
rElec    +         Reflect  .   K - +2 cloak {rC+}
rCorr    .         Harm     .   S - +2 pair of gloves
MR       +....                  a - +2 pair of boots
Stlth    ..........             H - amulet of guardian spirit
HPRegen  0.34/turn              s - ring of Geylitor {rF+ rC+ Str-4}
MPRegen  0.10/turn              e - ring of Compulsion {rF+ rN+ Dex+3 SInv Stlth+}

@: flying, very slightly contaminated, hasted and slowed
A: big wings, high mp 1, negative energy resistance 1, shaggy fur 1, electricity
resistance, unbreathing, petrification resistance, rot immunity, AC +16
}: 2/15 runes: decaying, serpentine
a: Stop Flying, Berserk, Trog's Hand, Brothers in Arms, Renounce Religion


You were on level 4 of the Vaults.
You worshipped Trog.
Trog was exalted by your worship.
You were not hungry.

You visited 6 branches of the dungeon, and saw 35 of its levels.
You also visited: Ice Cave and Desolation.

You collected 3701 gold pieces.

Inventory:

Hand Weapons
 d - a +5 battleaxe of flaming
 u - a +6 antimagic executioner's axe (weapon)
 w - a +3 battleaxe of freezing
Armour
 a - a +2 pair of boots (worn)
 o - a +2 helmet (worn)
 t - the +12 crystal plate armour "Fuykkut" (worn) {rElec Str+2 Dex-2}
   (You found it in the Desolation of Salt)

   It affects your strength (+2).
   It affects your dexterity (-2).
   It insulates you from electricity.
 K - a +2 cloak of cold resistance (worn)
 S - a +2 pair of gloves (worn)
Jewellery
 e - the ring of Compulsion (right hand) {rF+ rN+ Dex+3 SInv Stlth+}
   (You found it in the Desolation of Salt)

   [ring of positive energy]

   It affects your dexterity (+3).
   It protects you from fire.
   It protects you from negative energy.
   It lets you see invisible.
   It makes you more stealthy.
 i - an uncursed ring of ice
 j - an uncursed ring of resist corrosion
 s - the ring of Geylitor (left hand) {rF+ rC+ Str-4}
   (You found it on level 6 of the Dungeon)

   [ring of strength]

   It affects your strength (-4).
   It protects you from fire.
   It protects you from cold.
 z - an uncursed ring of protection from magic
 H - an amulet of guardian spirit (around neck)
Wands
 g - a wand of random effects (65)
 m - a wand of paralysis (38)
 n - a wand of enslavement (16)
 p - a wand of scattershot (7)
 r - a wand of iceblast (21)
 x - a wand of digging (27)
 y - a wand of flame (143)
 C - a wand of polymorph (51)
 Q - a wand of acid (12)
Scrolls
 b - 6 scrolls of magic mapping
 f - 13 scrolls of remove curse
 q - 4 scrolls of blinking
 A - 21 scrolls of teleportation
 B - 8 scrolls of enchant armour
 D - 5 scrolls of fog
 E - 3 scrolls of silence
 F - 20 scrolls of identify
 L - 4 scrolls of fear
 N - 2 scrolls of holy word
Potions
 h - 3 potions of cancellation
 k - 16 potions of curing
 l - 2 potions of ambrosia
 v - 3 potions of might
 G - 4 potions of haste
 I - 5 potions of mutation
 J - 3 potions of resistance
 M - 3 potions of heal wounds
 O - 2 potions of berserk rage
 P - a potion of invisibility
 R - a potion of agility
Miscellaneous
 U - a phantom mirror
Comestibles
 c - 56 rations
 T - 14 chunks of flesh


   Skills:
 + Level 20.1 Fighting
 * Level 23.0 Axes
 + Level 20.0 Armour
 - Level 1.5 Dodging


You had 20 spell levels left.
You didn't know any spells.
Your spell library was empty.

Dungeon Overview and Level Annotations

Branches:
Dungeon (15/15)            Temple (0/1) D:7            Lair (6/6) D:10
  Swamp (4/4) Lair:3        Snake (4/4) Lair:2        Slime (0/5) Lair:6
    Orc (2/2) D:11            Elf (0/3) Orc:2        Vaults (4/5) D:14
  Crypt (0/3) Vaults:2     Depths (0/5) D:15

Altars:
Ashenzari
Gozag
Hepliaklqana
Nemelex Xobeh
Ru
Sif Muna
Trog
Uskayaw
Xom
Yredelemnul
Jiyva

Shops:
Orc:2 (%(?   Vaults:2 (   Vaults:3 (


Innate Abilities, Weirdness & Mutations

You are resistant to torment.
Your stone body is resilient. (AC +16)
You are immune to poison.
Your large and strong wings let you fly indefinitely.
You resist negative energy. (rN+)
You are resistant to electric shocks. (rElec)
You can survive without breathing.
You are immune to petrification.
You are immune to rotting.
You have an increased reservoir of magic. (+10% MP)
You are covered in fur. (AC +1)


Message History

* * * LOW HITPOINT WARNING * * *
The deep troll claws you but does no damage.
You slice the deep troll!!
You kill the deep troll!
Trog accepts your kill.
The stone giant throws a large rock.
The large rock barely misses you.
The stone giant throws a large rock.
The large rock hits you but does no damage.
You see here a large rock.
There is an open door here.
Things that are here:
a large rock; a bolt The sphinx mumbles some strange words.
Something smites you!
* * * LOW HITPOINT WARNING * * *
The deep troll is no longer moving quickly.
Items here: ))) [[[ The sphinx mumbles some strange words.
Something smites you!
You die...

#.........#
#.H.......#
#.........#
#.........+
#.........#
#.....T...#
#.........#
..'......)))#
..########@##+#+#
## #.......#
#.......#
#.<.....#
#.......#
#.......#
#.......#
#..)....#
#####'########


You could see a sphinx and a deep troll.

Vanquished Creatures
  Vashnia (Snake:2)
  Nikola (Snake:2)
  Rupert (Lair:4)
  Asterion (Snake:2)
  3 thorn hunters
  Kirke (Snake:3)
  2 sphinxes
  Frances (Snake:2)
  A storm dragon (Vaults:3)
  A tengu reaver (Vaults:3)
  Roxanne (D:14)
  4 vault wardens
  3 imperial myrmidons (Desolation)
  7 nagarajas (Snake:4)
  2 deep elf sorcerers
  12 ironheart preservers
  A very ugly thing (Vaults:3)
  3 stone giants
  An entropy weaver (Vaults:3)
  2 deep elf annihilators (Vaults:3)
  2 halazid warlocks (Desolation)
  The ghost of MollyMolluskus the Unseen, a journeyman OpFi of Gozag (Lair:4)
  Snorg (D:11)
  2 fire dragons (Vaults:2)
  3 ettins
  A crystal guardian (Desolation)
  A rakshasa (Vaults:3)
  8 ragged hierophants (Desolation)
  2 catoblepae
  6 yaktaur captains
  A great orb of eyes (Vaults:1)
  5 servants of whispers (Desolation)
  5 peacekeepers (Desolation)
  24 hydras
  7 vault guards
  2 ice dragons
  12 naga warriors
  A ghost crab (Swamp:4)
  27 anacondas
  3 death knights
  A merfolk avatar (Lair:6)
  2 deep troll shamans
  34 two-headed ogres
  4 alligators (Swamp:4)
  2 tengu warriors
  9 ogre magi
  Urug (Lair:4)
  Sonja (Lair:1)
  2 deep troll earth magi
  15 naga sharpshooters
  6 shock serpents
  8 deep elf knights
  3 spriggans
  A shadow wraith (Vaults:2)
  9 salamander mystics
  A deep troll (shapeshifter) (D:15)
  2 skeletal warriors
  2 glowing orange brains
  A flayed ghost (Vaults:1)
  An unseen horror (D:11)
  11 deep trolls
  3 spriggan druids (Swamp:4)
  8 naga ritualists
  9 swamp dragons
  4 deep elf archers
  4 lindwurms (Snake:4)
  A sea snake (Lair:6)
  A wizard (Vaults:2)
  A phantasmal warrior (Vaults:3)
  6 ironbrand convokers
  4 shambling mangroves
  Pikel (D:5)
  8 orc knights
  37 ugly things
  4 harpies (Vaults:2)
  3 wolf spiders (Vaults:2)
  21 mana vipers
  A mana viper (shapeshifter) (Vaults:1)
  17 deep elf magi
  8 cyclopes
  3 manticores
  A salamander (shapeshifter) (D:15)
  An elephant (Lair:6)
  2 orc sorcerers (D:14)
  13 salamanders
  27 naga magi
  Joseph (D:7)
  40 black mambas
  15 guardian serpents
  An ice statue (IceCv)
  9 vault sentinels
  21 spiny frogs
  Maurice (Orc:2)
  A komodo dragon (shapeshifter) (Vaults:3)
  A centaur skeleton (D:13)
  A rime drake (shapeshifter) (Vaults:3)
  6 komodo dragons
  5 rime drakes
  The ghost of seyes the Changer, a novice OpTm (D:5)
  A tengu conjurer (Swamp:3)
  3 freezing wraiths
  13 trolls
  18 yaktaurs
  2 ice devils (Lair:3)
  3 meliai (D:12)
  A meliai (shapeshifter) (Vaults:1)
  A polar bear (shapeshifter) (D:15)
  A jumping spider (shapeshifter) (D:15)
  29 slime creatures
  14 hornets
  25 polar bears
  55 saltlings (Desolation)
  7 tyrant leeches
  11 hippogriffs
  8 bog bodies
  13 blink frogs
  3 shadows
  Sigmund (D:2)
  A spriggan (shapeshifter) (Vaults:3)
  2 wraiths
  6 wyverns
  4 hogs (Snake:3)
  3 hungry ghosts
  62 yaks
  3 basilisks
  A human (Snake:3)
  19 vampire mosquitoes
  A warg (Orc:1)
  3 insubstantial wisps (Swamp:2)
  35 nagas
  Edmund (D:6)
  10 swamp worms
  2 acid dragons (Vaults:1)
  10 water moccasins
  Duvessa (D:6)
  12 porcupines
  8 black bears
  A hornet zombie (D:15)
  21 orc warriors
  4 ice beasts
  4 slaves (D:5)
  14 swamp drakes
  3 sky beasts
  An eye of draining (D:15)
  An elf zombie (Vaults:4)
  47 ogres
  4 phantoms
  15 wolves
  12 crocodiles
  6 centaurs
  4 big kobolds
  Blork the orc (D:6)
  21 bullfrogs
  A gnoll sergeant (D:8)
  A wyvern zombie (D:9)
  A water moccasin zombie (D:7)
  Dowan (D:6)
  5 scorpions
  A scorpion (shapeshifter) (D:15)
  A wyvern skeleton (D:13)
  3 killer bees (D:8)
  4 electric eels
  3 howler monkeys
  15 jellies
  34 wights
  2 crimson imps
  2 lava snakes (Lair:4)
  4 centaur zombies
  12 orc priests
  A bullfrog skeleton (D:5)
  3 hounds
  Terence (D:2)
  13 worker ants
  3 iguanas
  17 orc wizards
  6 hell rats (Lair:6)
  3 bullfrog simulacra (D:8)
  3 hound skeletons
  Robin (D:3)
  A worker ant zombie (D:6)
  3 gnolls (D:8)
  A howler monkey skeleton (D:4)
  7 adders
  2 white imps (D:8)
  3 ufetubi (D:8)
  14 oozes
  An adder zombie (D:7)
  An adder skeleton (D:5)
  A dart slug (D:5)
  5 worms
  6 leopard geckos
  50 orcs
  6 giant cockroaches
  23 goblins
  13 hobgoblins
  13 jackals
  6 quokkas
  A ball python (D:1)
  9 bats
  5 frilled lizards
  A jackal zombie (D:5)
  22 kobolds
  A leopard gecko simulacrum (D:8)
  A leopard gecko skeleton (D:4)
  A leopard gecko zombie (D:8)
  A quokka skeleton (D:5)
  A rat (D:1)
  10 briar patches (Swamp:3)
  3 fungi
  18 pillars of salt (Vaults:3)
  4 plants
1497 creatures vanquished.

Vanquished Creatures (collateral kills)
  A frost giant (IceCv)
  A salamander mystic (Snake:4)
  A sea snake (Lair:6)
  A guardian serpent (Snake:4)
  An elephant (Lair:6)
  A rime drake (Lair:6)
  A komodo dragon (Lair:6)
  A polar bear (IceCv)
  3 blink frogs (Lair:6)
  A yak (Lair:6)
12 creatures vanquished.

Vanquished Creatures (others)
  An ogre mage (Vaults:2)
  A deep troll (Vaults:1)
  A saltling (Desolation)
  2 ogres (Vaults:2)
  An orc (D:8)
  10 fungi
  A pillar of salt (Vaults:3)
  A plant (Lair:6)
  A withered plant (Lair:4)
19 creatures vanquished.

Grand Total: 1528 creatures vanquished

Notes
Turn   | Place    | Note
-------+----------+-------------------------------------------
     0 | D:1      | sanboga the Gargoyle Berserker began the quest for the Orb.
     0 | D:1      | Reached XP level 1. HP: 14/14 MP: 1/1
    13 | D:1      | Noticed an electric eel
   411 | D:1      | Reached skill level 3 in Axes
   411 | D:1      | Reached XP level 2. HP: 14/19 MP: 2/2
   801 | D:2      | Reached XP level 3. HP: 23/23 MP: 3/3
   898 | D:2      | Noticed Sigmund
   914 | D:2      | Killed Sigmund
   914 | D:2      | Reached ** piety under Trog
   914 | D:2      | Reached skill level 4 in Axes
   914 | D:2      | Reached XP level 4. HP: 16/30 MP: 4/4
   914 | D:2      | Reached XP level 5. HP: 18/34 MP: 5/5
  1207 | D:2      | Noticed Terence
  1220 | D:2      | Killed Terence
  1220 | D:2      | Reached XP level 6. HP: 39/39 MP: 6/6
  1829 | D:3      | Found a faded altar of an unknown god.
  1942 | D:3      | Found a sacrificial altar of Ru.
  2367 | D:3      | Noticed Robin
  2372 | D:3      | Reached *** piety under Trog
  2378 | D:3      | Killed Robin
  2565 | D:4      | Found a shattered altar of Ashenzari.
  2617 | D:4      | Noticed a phantom
  2626 | D:4      | Killed a phantom
  2626 | D:4      | Reached skill level 5 in Fighting
  2626 | D:4      | Reached skill level 5 in Axes
  2680 | D:4      | Reached XP level 7. HP: 44/44 MP: 7/7
  2770 | D:4      | Noticed a hand axe
  2772 | D:4      | Noticed a dagger
  2773 | D:4      | Found a hide-covered altar of Uskayaw.
  2965 | D:5      | Entered Level 5 of the Dungeon
  2996 | D:5      | Noticed Pikel
  3027 | D:5      | Killed Pikel
  3027 | D:5      | Reached skill level 6 in Axes
  3027 | D:5      | Reached skill level 5 in Armour
  3027 | D:5      | Reached XP level 8. HP: 51/51 MP: 8/8
  3088 | D:5      | Found a runed door.
  3115 | D:5      | Noticed seyes's ghost (novice OpTm)
  3129 | D:5      | Killed seyes's ghost
  3129 | D:5      | Reached skill level 7 in Axes
  3142 | D:5      | Found a runed door.
  3307 | D:5      | Found a basalt altar of Yredelemnul.
  3310 | D:5      | Found a sparkling altar of Nemelex Xobeh.
  3693 | D:6      | Found a bloodstained altar of Trog.
  3707 | D:6      | Noticed Duvessa
  3745 | D:6      | Killed Duvessa
  3745 | D:6      | Reached XP level 9. HP: 57/57 MP: 9/9
  3755 | D:6      | Noticed Dowan
  3766 | D:6      | Killed Dowan
  3783 | D:6      | Noticed Blork the orc
  3793 | D:6      | Killed Blork the orc
  3824 | D:6      | Reached skill level 8 in Axes
  3850 | D:6      | Got an ancient wooden ring
  3851 | D:6      | Identified the cursed ring of Geylitor {rF+ rC+ Str-4} (You
                  | found it on level 6 of the Dungeon)
  3961 | D:6      | Reached **** piety under Trog
  4669 | D:6      | Reached skill level 9 in Axes
  4812 | D:6      | Noticed Edmund
  4838 | D:6      | Killed Edmund
  5089 | D:7      | Reached XP level 10. HP: 62/64 MP: 10/10
  5299 | D:7      | Reached ***** piety under Trog
  5311 | D:7      | Found a staircase to the Ecumenical Temple.
  5357 | D:7      | Found a hazy altar of Hepliaklqana.
  5729 | D:7      | Noticed Joseph
  5753 | D:7      | Killed Joseph
  5753 | D:7      | Reached skill level 10 in Axes
  5924 | D:7      | Found a deep blue altar of Sif Muna.
  6187 | D:8      | Noticed a two-headed ogre
  6202 | D:8      | Killed a two-headed ogre
  6444 | D:8      | Received a gift from Trog
  6650 | D:8      | Found a shattered altar of Ashenzari.
  6858 | D:8      | Found an opulent altar of Gozag.
  6934 | D:8      | Reached XP level 11. HP: 70/71 MP: 11/11
  7004 | D:8      | Reached skill level 11 in Axes
  7277 | D:8      | Gained mutation: You have an increased reservoir of magic.
                  | (+10% MP) [potion of mutation]
  7277 | D:8      | Gained mutation: You are covered in fur. (AC +1) [potion of
                  | mutation]
  7858 | D:10     | Entered Level 10 of the Dungeon
  7930 | D:10     | Reached skill level 10 in Fighting
  8139 | D:10     | Noticed a two-headed ogre
  8154 | D:10     | Killed a two-headed ogre
  8455 | D:10     | Reached skill level 10 in Armour
  8705 | D:10     | Found a staircase to the Lair.
  9003 | D:11     | Reached skill level 12 in Axes
  9020 | D:11     | Killed an unseen horror
  9027 | D:11     | Received a gift from Trog
  9057 | D:11     | Noticed a purple ugly thing
  9066 | D:11     | Killed a purple ugly thing
  9151 | D:11     | Reached XP level 12. HP: 15/79 MP: 13/13
  9211 | D:11     | Noticed Snorg
  9264 | D:11     | Killed Snorg
  9289 | D:11     | Noticed a four-headed hydra
  9297 | D:11     | Killed a one-headed hydra
  9524 | D:11     | Found a staircase to the Orcish Mines.
  9812 | Lair:1   | Entered Level 1 of the Lair of Beasts
  9830 | Lair:1   | Found a shimmering altar of Xom.
  9962 | Lair:1   | Reached skill level 13 in Axes
 10067 | Lair:1   | HP: 1/80 [polar bear (9)]
 10299 | Lair:1   | Noticed Sonja
 10326 | Lair:1   | Killed Sonja
 11297 | Lair:2   | Reached XP level 13. HP: 47/86 MP: 14/14
 11484 | Lair:2   | Found a staircase to the Snake Pit.
 11509 | Lair:2   | Reached ****** piety under Trog
 11515 | Lair:2   | Received a gift from Trog
 12010 | Lair:3   | Reached skill level 14 in Axes
 12181 | Lair:3   | Found a frozen archway.
 12207 | IceCv    | Entered an ice cave
 12976 | IceCv    | Noticed a frost giant
 12990 | IceCv    | Killed a frost giant
 13329 | Lair:3   | Found a staircase to the Swamp.
 13902 | Lair:4   | Noticed Urug
 13939 | Lair:4   | Killed Urug
 13939 | Lair:4   | Reached skill level 15 in Axes
 13940 | Lair:4   | Noticed Rupert
 13960 | Lair:4   | Received a gift from Trog
 13969 | Lair:4   | Killed Rupert
 13969 | Lair:4   | Gained mutation: Your large and strong wings let you fly
                  | indefinitely. [Gargoyle growth]
 13969 | Lair:4   | Reached XP level 14. HP: 42/94 MP: 6/15
 14522 | Lair:4   | Found a runed door.
 14523 | Lair:4   | Noticed MollyMolluskus's ghost (journeyman OpFi)
 14772 | Lair:4   | Killed MollyMolluskus's ghost
 14772 | Lair:4   | Received a gift from Trog
 14803 | Lair:4   | You are sucked into a shaft for 2 floors!
 14803 | Lair:6   | Entered Level 6 of the Lair of Beasts
 16114 | Lair:6   | Reached skill level 16 in Axes
 16243 | Lair:6   | Received a gift from Trog
 16653 | Lair:6   | Found a staircase to the Slime Pits.
 16653 | Lair:6   | Found a viscous altar of Jiyva.
 17100 | Orc:1    | Entered Level 1 of the Orcish Mines
 17131 | Orc:1    | Reached XP level 15. HP: 77/100 MP: 13/16
 17509 | Orc:2    | Entered Level 2 of the Orcish Mines
 17509 | Orc:2    | Found a staircase to the Elven Halls.
 17509 | Orc:2    | Noticed Maurice
 17535 | Orc:2    | Killed Maurice
 17563 | Orc:2    | Found Savyar's Antique Weapon Shoppe.
 17997 | Orc:2    | Found Dampakeps's Food Boutique.
 17997 | Orc:2    | Found Haatareh's Magic Scroll Emporium.
 17997 | Orc:2    | Found Vyodiush's Antique Weapon Boutique.
 18026 | Orc:2    | Received a gift from Trog
 18029 | Orc:2    | Got a translucent war axe {god gift}
 18030 | Orc:2    | Identified the +3 war axe of Abuse {chop, *Noise rF+ rC+
                  | Int+2} (Trog gifted it to you on level 2 of the Orcish
                  | Mines)
 18620 | D:12     | Reached skill level 17 in Axes
 19747 | D:14     | Reached skill level 15 in Fighting
 20087 | D:14     | Found a gate to the Vaults.
 20104 | D:14     | Reached skill level 15 in Armour
 20145 | D:14     | Noticed Roxanne
 20188 | D:14     | Killed Roxanne
 20188 | D:14     | Reached XP level 16. HP: 15/108 MP: 3/17
 20612 | D:14     | Received a gift from Trog
 20626 | D:14     | Got an ichor-stained battleaxe {god gift}
 20627 | D:14     | Identified the +3 battleaxe "Xadelot" {drain, Int+4 SInv}
                  | (Trog gifted it to you on level 14 of the Dungeon)
 21056 | D:15     | Entered Level 15 of the Dungeon
 21671 | D:15     | Found a staircase to the Depths.
 21891 | D:15     | Reached skill level 18 in Axes
 22524 | Swamp:1  | Entered Level 1 of the Swamp
 22848 | Swamp:1  | Received a gift from Trog
 23978 | Swamp:3  | Noticed a thorn hunter
 23993 | Swamp:3  | Killed a thorn hunter
 24287 | Swamp:3  | Received a gift from Trog
 24481 | Swamp:3  | Noticed a thorn hunter
 24493 | Swamp:3  | Killed a thorn hunter
 24709 | Swamp:3  | Reached XP level 17. HP: 107/115 MP: 16/18
 25026 | Swamp:4  | Entered Level 4 of the Swamp
 25560 | Swamp:4  | Received a gift from Trog
 25632 | Swamp:4  | Reached skill level 19 in Axes
 25691 | Swamp:4  | Got a decaying rune of Zot
 26453 | Snake:1  | Entered Level 1 of the Snake Pit
 27478 | Snake:1  | Received a gift from Trog
 27694 | Snake:1  | Reached XP level 18. HP: 96/123 MP: 15/19
 28305 | Snake:2  | Noticed Vashnia
 28955 | Snake:2  | Killed Vashnia
 29352 | Snake:2  | Reached skill level 20 in Axes
 29386 | Snake:2  | Received a gift from Trog
 29427 | Snake:2  | Noticed Asterion
 29452 | Snake:2  | Killed Asterion
 29791 | Snake:2  | Noticed Frances
 29809 | Snake:2  | Killed Frances
 30034 | Snake:3  | Noticed Nikola
 30063 | Snake:2  | Killed Nikola
 30255 | Snake:3  | Noticed Kirke
 30268 | Snake:3  | Killed Kirke
 30544 | Snake:3  | Received a gift from Trog
 30822 | Snake:4  | Entered Level 4 of the Snake Pit
 31042 | Snake:4  | Reached XP level 19. HP: 126/130 MP: 20/20
 32210 | Snake:4  | Reached skill level 21 in Axes
 32571 | Snake:4  | Got a serpentine rune of Zot
 33032 | Vaults:1 | Entered Level 1 of the Vaults
 33221 | Vaults:1 | Received a gift from Trog
 33744 | Vaults:1 | Reached XP level 20. HP: 110/137 MP: 7/22
 34394 | Vaults:2 | Paralysed by a sphinx for 4 turns
 34423 | Vaults:1 | Received a gift from Trog
 34883 | Vaults:2 | Found Sosut's Weapon Shop.
 35369 | Vaults:2 | Received a gift from Trog
 35423 | Vaults:2 | Reached skill level 22 in Axes
 35895 | Vaults:2 | Found a staircase to the Crypt.
 36220 | Vaults:3 | Found Archagam's Antique Weapon Shop.
 36278 | Vaults:3 | Found a ruined gateway.
 36326 | Desolati | Entered the Desolation of Salt
 36392 | Desolati | Received a gift from Trog
 36741 | Desolati | Got a shimmering crystal plate armour
 36742 | Desolati | Identified the +12 crystal plate armour "Fuykkut" {rElec
                  | Str+2 Dex-2} (You found it in the Desolation of Salt)
 36859 | Desolati | Reached XP level 21. HP: 144/144 MP: 7/23
 37209 | Desolati | Got a brightly glowing granite ring
 37210 | Desolati | Identified the ring of Compulsion {rF+ rN+ Dex+3 SInv
                  | Stlth+} (You found it in the Desolation of Salt)
 37357 | Desolati | Received a gift from Trog
 37606 | Desolati | Found the +4 arc blade {discharge, rElec}
 37606 | Desolati | Got a coiled marble ring
 37751 | Vaults:3 | Identified the ring of Qamoj {rElec rN+ SInv} (You found it
                  | in the Desolation of Salt)
 38215 | Vaults:3 | Paralysed by a sphinx for 2 turns
 38515 | Vaults:3 | Found the +8 glaive of the Guard {elec, +Rage AC+5 SInv}
 38787 | Vaults:3 | Received a gift from Trog
 39185 | Vaults:4 | Reached skill level 23 in Axes
 39244 | Vaults:4 | Paralysed by a sphinx for 7 turns
 39272 | Vaults:4 | HP: 4/146 [sphinx/divine providence (15)]
 39275 | Vaults:4 | Killed from afar by a sphinx

Skill      XL: |  1  2  3  4  5  6  7  8  9 10 11 12 13 14 15 16 17 18 19 20 21 |
---------------+----------------------------------------------------------------+-----
Axes           | 3 4 5 6 7 9 10 12 13 15 16 17 18 19 20 21 22 23 | 23.0
Fighting       | 4 5 6 7 8 9 10 12 13 14 15 16 17 18 19 20 | 20.1
Armour         | 3 4 5 6 7 9 10 11 13 14 15 16 17 18 19 20 | 20.0
Dodging        | |  1.5

Action                   |  1- 3 |  4- 6 |  7- 9 | 10-12 | 13-15 | 16-18 | 19-21 || total
-------------------------+-------+-------+-------+-------+-------+-------+-------++-------
Melee: Hand axe          |    66 |   150 |   406 |   994 |   176 |       |       ||  1792
       Battleaxe         |       |       |       |       |   294 |  1104 |   350 ||  1748
       Broad axe         |       |       |       |       |   754 |   342 |       ||  1096
       Executioner's axe |       |       |       |       |       |       |   912 ||   912
Invok: Berserk           |     1 |       |     1 |     4 |     3 |     2 |     1 ||    12
       Brothers in Arms  |       |       |       |       |     3 |       |     1 ||     4
       Trog's Hand       |       |       |       |       |     1 |       |       ||     1
 Abil: Fly               |       |       |       |       |     1 |       |       ||     1
Evoke: Wand              |       |       |       |     6 |     5 |       |       ||    11
  Use: Scroll            |     3 |    11 |     2 |     8 |     8 |     7 |     7 ||    46
       Potion            |       |     2 |       |     6 |     1 |     2 |     2 ||    13
 Stab: Paralysed         |       |       |       |     2 |       |       |       ||     2
       Distracted        |       |       |       |       |     1 |     1 |     2 ||     4
       Confused          |       |       |       |       |       |     4 |       ||     4
  Eat: Chunk             |       |     7 |     9 |    25 |    29 |    16 |    12 ||    98
       Ration            |       |       |       |       |     2 |     7 |     5 ||    14
Armor: Animal skin       |    12 |       |       |       |       |       |       ||    12
       Chain mail        |     6 |       |       |       |       |       |       ||     6
       Ring mail         |     2 |       |       |       |       |       |       ||     2
       Plate armour      |    16 |   102 |   297 |   918 |  1242 |  1343 |  1016 ||  4934
       Crystal plate arm |       |       |       |       |       |       |   641 ||   641
Dodge: Dodged            |    30 |    42 |   109 |   303 |   501 |   422 |   549 ||  1956
